 Dungeon Crawl Stone Soup version 0.29-a0-1052-g6990b1bffc (webtiles) character file.

Game seed: 15209183826343224120

1285 xian the Cleaver (level 8, -5/100 HPs)
             Began as a White Draconian Gladiator on Aug 18, 2022.
             Was a Follower of Okawaru.
             Slain by Joseph
             ... wielding a +3 spectral quarterstaff
              (17 damage)
             ... on level 7 of the Dungeon.
             The game lasted 00:14:43 (6742 turns).

xian the Cleaver (White Draconian Gladiator)        Turns: 6742, Time: 00:14:44

Health: -5/100     AC:  6    Str: 18    XL:     8   Next: 29%
Magic:  8/8        EV: 14    Int:  8    God:    Okawaru [*.....]
Gold:   361        SH:  0    Dex: 14    Spells: 7/7 levels left

rFire   . . .      SeeInvis .   a - +0 war axe
rCold   + . .      Faith    +   (no shield)
rNeg    . . .      Spirit   .   (body armour unavailable)
rPois   .          Reflect  .   b - +0 hat
rElec   .          Harm     .   (no cloak)
rCorr   .          Rampage  .   (no gloves)
Will    .....                   (no boots)
Stlth   ..........              k - amulet of faith
HPRegen 0.26/turn               (no ring)
MPRegen 0.11/turn               (no ring)

@: berserking, short of breath, very quick
A: breathe frost, AC +6, unfitting armour, cold resistance 1, cold-blooded
a: Breathe Frost, Renounce Religion, Heroism


You were on level 7 of the Dungeon.
You worshipped Okawaru.
Okawaru was aware of your devotion.
You visited 2 branches of the dungeon, and saw 8 of its levels.

You collected 361 gold pieces.

Inventory:

Hand Weapons
 a - a +0 war axe (weapon)
Missiles
 d - 3 javelins (quivered)
Armour
 b - a +0 hat (worn)
Jewellery
 k - an amulet of faith (around neck)
Wands
 x - a wand of polymorph (8)
Scrolls
 f - a scroll of fog
 g - a scroll of immolation
 i - 2 scrolls of fear {unknown}
 j - a scroll of enchant armour
 l - a scroll of enchant weapon
 o - a scroll of blinking {unknown}
 s - 2 scrolls of teleportation {unknown}
 t - 2 scrolls of magic mapping {unknown}
Potions
 e - a potion of haste
 h - 4 potions of cancellation
 m - a potion of berserk rage
 q - a potion of mutation {unknown}
 r - a potion of curing
 u - a potion of degeneration {unknown}
 v - a potion of ambrosia {unknown}
 w - a potion of might {unknown}
 z - 2 potions of lignification {unknown}
 A - a potion of magic {unknown}


   Skills:
 + Level 4.7 Fighting
 + Level 8.1 Axes
 + Level 2.4 Throwing
 + Level 4.8 Dodging
 + Level 2.2 Stealth


You had 7 spell levels left.
You didn't know any spells.
Your spell library contained the following spells:

 Spells                   Type           Power      Damage    Failure   Level
 Foxfire                  Conj/Fire      0%         2x1d4     41%         1
 Ensorcelled Hibernation  Hex/Ice        0%         N/A       54%         2
 Passwall                 Tmut/Erth      0%         N/A       54%         2
 Static Discharge         Conj/Air       0%         3-3/arc   54%         2
 Conjure Flame            Conj/Fire      0%         6-21      78%         3
 Inner Flame              Hex/Fire       0%         N/A       78%         3
 Swiftness                Air            0%         N/A       78%         3
 Dispel Undead            Necr           0%         3d6       99%         4
 Flame Wave               Conj/Fire      0%         2d4       99%         4
 Sticky Flame             Conj/Fire      0%         2d3       99%         4
 Dragon Form              Tmut           0%         N/A       100%        7
 Summon Forest            Summ/Tloc      Unusable   N/A       N/A         5

Dungeon Overview and Level Annotations

Branches:
Dungeon (7/15)             Temple (1/1) D:4

Altars:
Ashenzari
Dithmenos
Fedhas
Gozag
Hepliaklqana
Makhleb
Okawaru
Ru
Sif Muna
Trog
Vehumet
Wu Jian
Xom
Yredelemnul
Zin
The Shining One

Annotations:
D:7 Joseph


Innate Abilities, Weirdness & Mutations

You can breathe waves of freezing cold which knock back foes.
Your icy white scales are hard. (AC +6)
You cannot fit into any form of body armour.
Your flesh is cold resistant. (rC+)
You are cold-blooded and may be slowed by cold attacks.


Message History

The sling bullet barely misses you.
Throw: throwing net
Press: ? - help, Q - select action, (/) - cycle Shift-Dir - straight line, f/p - Joseph
Aim: Joseph, wielding a +0 sling and wearing a +0 ring mail (moderately wounded, 65% to hit)
You throw a throwing net.
The throwing net completely misses Joseph.
Joseph shoots a sling bullet.
The sling bullet hits you but does no damage.
You are too injured to fight recklessly!
Throw: 4 javelins
Press: ? - help, Q - select action, (/) - cycle Shift-Dir - straight line, f/p - Joseph
Aim: Joseph, wielding a +0 sling and wearing a +0 ring mail (moderately wounded, 65% to hit)
You throw a javelin. The javelin pierces through Joseph!
Joseph is heavily wounded.
You completely miss Joseph.
Joseph is heavily wounded.
Joseph unwields a +0 sling.
Joseph wields a +3 spectral quarterstaff.
Joseph hits you with a +3 spectral quarterstaff!
* * * LOW HITPOINT WARNING * * *
You completely miss Joseph.
Joseph is heavily wounded.
Joseph barely misses you.
You barely miss Joseph. You tail-slap Joseph.
Joseph is heavily wounded.
Joseph shouts, "I love to fight!
I love killing!"
Joseph hits you with a +3 spectral quarterstaff!
* * * LOW HITPOINT WARNING * * *
Okay, then.
You feel better. Joseph completely misses you.
A red film seems to cover your vision as you go berserk!
You feel yourself moving faster!
You feel mighty! Joseph misses you.
You barely miss Joseph. You tail-slap Joseph.
Joseph is severely wounded.
Joseph hits you with a +3 spectral quarterstaff!
* * * LOW HITPOINT WARNING * * *
You barely miss Joseph.
Joseph is severely wounded.
Joseph hits you with a +3 spectral quarterstaff!
You die...

.......
#######.......
.##.............
................
................
........<.......
................
.........#......
...####@#####.#.
.. #@# # #.# (..
#.# #(. ###


You could see Joseph.

Vanquished Creatures
  A sky beast (D:6)
  2 black bears (D:6)
  An ogre (D:4)
  A centaur (D:4)
  A phantom (D:4)
  A bullfrog (D:6)
  A necrophage (D:4)
  3 scorpions (D:4)
  2 orc priests
  2 hounds
  A jelly (D:5)
  5 iguanas
  2 orc wizards
  4 adders
  An ufetubus (D:6)
  14 orcs
  13 endoplasms
  2 giant cockroaches
  13 goblins
  9 hobgoblins
  A jackal (D:4)
  16 kobolds
  8 quokkas
  4 ball pythons (D:1)
  5 bats
  3 frilled lizards
  3 rats
  2 bushes (D:1)
121 creatures vanquished.

Vanquished Creatures (others)
  18 plants
18 creatures vanquished.

Grand Total: 139 creatures vanquished

Notes
Turn   | Place    | Note
-------+----------+-------------------------------------------
     0 | D:1      | xian the Draconian Gladiator began the quest for the Orb.
     0 | D:1      | Reached XP level 1. HP: 17/17 MP: 1/1
   189 | D:1      | Reached XP level 2. HP: 19/24 MP: 2/2
   692 | D:1      | Found a faded altar of an unknown god.
   712 | D:1      | Reached XP level 3. HP: 9/30 MP: 3/3
  2115 | D:3      | Reached skill level 4 in Axes
  2157 | D:3      | Found a shimmering blue altar of Sif Muna.
  2191 | D:3      | Reached XP level 4. HP: 36/37 MP: 4/4
  2224 | D:3      | Found a burning altar of Makhleb.
  2836 | D:3      | Found a hazy altar of Hepliaklqana.
  3120 | D:4      | Found a staircase to the Ecumenical Temple.
  3129 | Temple   | Entered the Ecumenical Temple
  3430 | D:4      | Noticed a scorpion
  3438 | D:4      | Killed a scorpion
  3439 | D:4      | Reached skill level 1 in Stealth
  3439 | D:4      | Reached XP level 5. HP: 27/44 MP: 5/5
  3737 | D:4      | Noticed a phantom
  3758 | D:4      | Killed a phantom
  3759 | D:4      | Reached skill level 5 in Axes
  3759 | D:4      | Reached XP level 6. HP: 32/51 MP: 6/6
  4229 | D:4      | Reached skill level 6 in Axes
  4229 | D:4      | Your scales start taking on an icy white colour.
  4229 | D:4      | Reached XP level 7. HP: 44/58 MP: 7/7
  4229 | D:4      | Gained mutation: Your flesh is cold resistant. (rC+) [White
                  | Draconian growth]
  4856 | D:5      | Entered Level 5 of the Dungeon
  5259 | D:5      | Got the Vellum of Shifting Displacement
  5478 | D:5      | Found an iron altar of Okawaru.
  5493 | D:5      | Became a worshipper of Warmaster Okawaru
  5594 | D:5      | Reached skill level 7 in Axes
  5918 | D:6      | Found a shimmering altar of Xom.
  6097 | D:6      | Reached XP level 8. HP: 53/67 MP: 8/8
  6101 | D:6      | Reached * piety under Okawaru
  6282 | D:6      | Reached skill level 8 in Axes
  6715 | D:7      | Noticed Joseph
  6742 | D:7      | Slain by Joseph

Illustrated notes

Levels and vault maps discovered:
D:1:      dpeg_arrival_court, layout_rooms, serial_forest,
          infiniplex_forest_zigzag_1, infiniplex_forest_end_3,
          infiniplex_forest_zigzag_1, infiniplex_forest_end_2,
          infiniplex_forest_clump_small, infiniplex_forest_end_2,
          infiniplex_forest_fountain, hellmonk_ecumenical_altar_arch_garden
D:2:      layout_loops_ring
D:3:      layout_basic, mainiacjoe_overflow_paths, mainiacjoe_overflow_chevrons,
          lemuel_doored_altar, serial_bayou_lake_a
D:4:      layout_gridville, minmay_temple_entry_mist, minmay_between
D:5:      layout_loops_ring, okawaru_gym_becter
D:6:      layout_rooms, tgw_xom, minivault_25
D:7:      layout_rooms, serial_shops, nicolae_shop_advertising_works
          [nicolae_subvault_shop_adworks], minivault_23,
          minmay_fractal_squares_diagonal_5, uniq_joseph, uniq_maggie,
          uniq_crazy_yiuf_cottage
Temple:   minmay_freezing_vapour_temple

Skill      XL: |  1  2  3  4  5  6  7  8 |
---------------+-------------------------+-----
Throwing       | 2 |  2.4
Dodging        | 3 4 |  4.8
Axes           | 4 5 6 7 8 |  8.1
Stealth        | 1 2 |  2.2
Fighting       | 3 4 |  4.7

Action                   |  1- 3 |  4- 6 |  7- 9 || total
-------------------------+-------+-------+-------++-------
Melee: War axe           |   202 |   120 |   108 ||   430
       Tailslap          |    33 |    10 |    15 ||    58
       Punch             |     1 |     3 |     2 ||     6
Throw: Javelin           |     4 |     5 |     2 ||    11
       Dart              |       |       |     6 ||     6
       Throwing net      |       |       |     3 ||     3
 Abil: Breathe Frost     |       |       |     6 ||     6
  Use: Scroll            |       |     7 |     2 ||     9
       Potion            |       |       |     3 ||     3
 Stab: Sleeping          |     1 |     1 |     1 ||     3
       Distracted        |       |     1 |       ||     1
       Held in net/web   |       |       |     1 ||     1
Armor: Skin              |    48 |    41 |    35 ||   124
Dodge: Dodged            |    80 |    83 |    83 ||   246

Table legend: (Time is in decaauts)
 A = Elapsed time spent in this place.
 B = Non-inter-level travel time spent in this place.
 C = Inter-level travel time spent in this place.
 D = Time resting spent in this place.
 E = Time spent auto-exploring this place.
 F = Levels seen in this place.
 G = Mean time per level.
                   A        B        C        D        E       F      G
               +--------+--------+--------+--------+--------+-----+--------+
         Total |   6909 |   6678 |    231 |      0 |   5198 |   8 |  863.6 |
       Dungeon |   6859 |   6628 |    231 |      0 |   5198 |   7 |  979.9 |
        Temple |     50 |     50 |      0 |      0 |      0 |   1 |   50.0 |
               +--------+--------+--------+--------+--------+-----+--------+

Top non-repeatable levels by time:
     D:4: 1718 daAuts
     D:1: 1305 daAuts
     D:3: 1144 daAuts
     D:6: 1099 daAuts
     D:2: 791 daAuts
     D:5: 773 daAuts
  Temple: 50 daAuts
     D:7: 26 daAuts
